 Dungeon Crawl Stone Soup version 0.30-a0-972-gf3ab3527aa (webtiles) character file.

Game seed: 10224246468905678023

1871 cforsyth the Basher (level 9, -3/74 HPs)
             Began as a Formicid Fighter on Mar 31, 2023.
             Slain by a two-headed ogre
             ... wielding a +0 halberd
              (7 damage)
             ... in a bailey.
             The game lasted 00:08:51 (5914 turns).

cforsyth the Basher (Formicid Fighter)              Turns: 5914, Time: 00:08:52

Health: -3/74      AC:  8    Str: 26    XL:     9   Next: 35%
Magic:  9/9        EV:  9    Int:  7    God:
Gold:   309        SH: 10    Dex: 13    Spells: 8/8 levels left

rFire   . . .      SeeInvis +    a - +0 flail
rCold   . . .      Faith    .    c - +0 buckler
rNeg    . . .      Spirit   .    b - +0 scale mail
rPois   .          Reflect  +    (helmet unavailable)
rElec   .          Rampage  .    (no cloak)
rCorr   .                        (no gloves)
Will    .....                    h - +0 pair of boots Stlth
                                 s - amulet of reflection
HPRegen 0.32/turn                (no ring)
MPRegen 0.11/turn                (no ring)

@: no status effects
A: permanent stasis, dig shafts and tunnels, antennae 3, four strong arms
a: Dig


You were in a bailey.
You visited 1 branch of the dungeon, and saw 7 of its levels.
You also visited: Bailey.

You collected 309 gold pieces.

Inventory:

Hand Weapons
 a - a +0 flail (weapon)
Armour
 b - a +0 scale mail (worn)
 c - a +0 buckler (worn)
 h - a +0 pair of boots (worn)
Jewellery
 p - an amulet of faith
 s - an amulet of reflection (around neck)
Wands
 l - a wand of roots (17)
 v - a wand of paralysis (9)
Scrolls
 d - a scroll of enchant armour {unknown}
 e - a scroll of amnesia {unknown}
 f - a scroll of fog {unknown}
 i - a scroll of vulnerability {unknown}
 j - a scroll of brand weapon {unknown}
 y - a scroll of teleportation {unknown}
Potions
 m - 2 potions of curing
 q - a potion of might
 r - a potion of cancellation {unknown}
 u - 2 potions of mutation
 x - a potion of brilliance
 z - a potion of attraction {unknown}


   Skills:
 + Level 8.0 Fighting
 * Level 9.7 Maces & Flails
 - Level 3.2 Armour
 - Level 4.0 Shields


You had 8 spell levels left.
You didn't know any spells.
Your spell library contained the following spells:

 Spells                   Type           Power      Damage    Failure   Level
 Freeze                   Ice            0%         1d3       78%         1
 Kiss of Death            Conj/Necr      0%         2d5       78%         1
 Sandblast                Erth           0%         2d4       78%         1
 Passwall                 Tmut/Erth      0%         N/A       89%         2
 Confusing Touch          Hex            0%         N/A       98%         3
 Frozen Ramparts          Ice            0%         1d1       98%         3
 Hailstorm                Conj/Ice       0%         3d3       98%         3
 Stone Arrow              Conj/Erth      0%         3d7       98%         3
 Anguish                  Hex/Necr       0%         N/A       100%        4
 Dispel Undead            Necr           0%         3d6       100%        4
 Enfeeble                 Hex            0%         N/A       100%        7


Dungeon Overview and Level Annotations

Branches:
Dungeon (7/15)             Temple (0/1) D:7          Bailey (1/1)

Altars:
Hepliaklqana
Zin

Shops:
D:7 ?

Annotations:
D:3 1 runed translucent door, Pikel; SpyderV's ghost, amateur MiFi
D:6 2 runed translucent doors


Innate Abilities, Weirdness & Mutations

You cannot be hasted, slowed, berserked, paralysed or teleported.
You can dig through walls and to a lower floor.
You have a pair of large antennae on your head. (SInv)
Your four strong arms can wield two-handed weapons with a shield.


Message History

The grasping roots constrict the ogre!
You hear an angry hiss.
The spriggan hits you with a +0 trident.
The grasping roots constrict the spriggan!
You kill the spriggan!
You hear a splash.
The grasping roots constrict the ogre.
The roots release their grip on the ogre.
Your Fighting skill increases to level 8!
Aiming: Fastroot
Press: ? - help, Shift-Dir - straight line, f - ogre
Aim: an ogre, wielding a +0 halberd (heavily wounded)
The roots erupt in riotous growth!
Roots grab the ogre.
The grasping roots constrict the ogre.
The ogre hits you from afar with a +0 halberd!!
* * * LOW HITPOINT WARNING * * *
The grasping roots constrict the ogre!
The roots release their grip on the ogre.
There is a gate leading back out of this place, spattered with blood here.
You see here a +0 halberd.
Aiming: Fastroot
Press: ? - help, Shift-Dir - straight line, f/p - ogre
Aim: an ogre, wielding a +0 halberd (almost dead)
The roots erupt in riotous growth!
Roots grab the ogre.
The grasping roots constrict the ogre.
You block the ogre's attack.
The grasping roots constrict the ogre.
You kill the ogre!
You see here a +0 halberd.
Aiming: Paralyse
Press: ? - help, Shift-Dir - straight line, f - two-headed ogre
Aim: a two-headed ogre, wielding two +0 halberds (chance to affect: 31%)
The two-headed ogre easily resists.
Aiming: Paralyse
Press: ? - help, Shift-Dir - straight line, f/p - two-headed ogre
Aim: a two-headed ogre, wielding two +0 halberds (chance to affect: 31%)
The two-headed ogre easily resists.
The two-headed ogre hits you from afar with a +0 halberd!
You die...

##.## ..#
##...## ♣..##
#.....#
#..###.....##
♣..~~~..∩...#
#..~~~......#
♣..~~~......#
#..~~~.O....#
♣..~~)).∩@?!#
##..###.....##
##..## #.....#
♣#..## ##...##
#####..##
##.## .O....##
### .....##
######


You could see a two-headed ogre.

Vanquished Creatures
  A spriggan (Bailey)
  A water moccasin (D:6)
  An ice beast (D:6)
  2 black bears
  5 ogres
  4 lemures
  3 bullfrogs
  2 scorpions
  A howler monkey (D:5)
  2 hounds
  A jelly (D:7)
  An orc priest (D:5)
  4 iguanas
  5 orc wizards
  12 adders
  2 white imps (D:6)
  2 ufetubi
  2 worms
  2 dart slugs
  15 orcs
  4 ball pythons
  8 endoplasms
  2 giant cockroaches
  4 goblins
  7 hobgoblins
  3 jackals (D:1)
  4 kobolds
  4 quokkas
  5 bats
  A frilled lizard (D:1)
  7 rats
117 creatures vanquished.

Notes
Turn   | Place    | Note
-------+----------+-------------------------------------------
     0 | D:1      | cforsyth the Formicid Fighter began the quest for the Orb.
     0 | D:1      | Reached XP level 1. HP: 18/18 MP: 1/1
   136 | D:1      | Reached XP level 2. HP: 20/24 MP: 2/2
   370 | D:1      | Reached XP level 3. HP: 28/30 MP: 3/3
   374 | D:1      | Reached skill level 3 in Maces & Flails
  1046 | D:2      | Reached XP level 4. HP: 30/37 MP: 4/4
  1400 | D:2      | Found a faded altar of an unknown god.
  1810 | D:3      | Found a runed translucent door.
  2014 | D:3      | Found a hazy altar of Hepliaklqana.
  2088 | D:3      | Noticed SpyderV's ghost (amateur MiFi)
  2170 | D:4      | Noticed an ogre
  2181 | D:4      | Killed an ogre
  2182 | D:4      | Reached skill level 4 in Maces & Flails
  2182 | D:4      | Reached XP level 5. HP: 8/43 MP: 5/5
  2343 | D:4      | Reached XP level 6. HP: 47/49 MP: 6/6
  2364 | D:4      | Noticed a black bear
  2377 | D:4      | Killed a black bear
  2378 | D:4      | Reached skill level 5 in Fighting
  2378 | D:4      | Reached skill level 5 in Maces & Flails
  2939 | D:5      | Entered Level 5 of the Dungeon
  3274 | D:5      | Reached XP level 7. HP: 40/56 MP: 7/7
  3371 | D:5      | Noticed Pikel
  3447 | D:3      | Reached skill level 6 in Maces & Flails
  4499 | D:6      | Reached skill level 7 in Maces & Flails
  4499 | D:6      | Reached XP level 8. HP: 62/64 MP: 8/8
  4698 | D:6      | Found a runed translucent door.
  4713 | D:6      | Found a runed translucent door.
  4885 | D:6      | Reached skill level 8 in Maces & Flails
  5192 | D:6      | Found a glowing silver altar of Zin.
  5535 | D:7      | Found Sutuipn's Magic Scroll Emporium.
  5595 | D:7      | Reached XP level 9. HP: 49/72 MP: 9/9
  5600 | D:7      | Found a flagged portal.
  5669 | Bailey   | Entered a bailey
  5690 | Bailey   | Reached skill level 9 in Maces & Flails
  5905 | Bailey   | Noticed a two-headed ogre
  5909 | Bailey   | HP: 2/74 [ogre/+0 halberd (21)]
  5914 | Bailey   | Slain by a two-headed ogre

Illustrated notes

Levels and vault maps discovered:
D:1:      dpeg_arrival_tiny_a, layout_basic
D:2:      minmay_chambers_of_ones, layout_loops_ring,
          ebering_ecumenical_altar_box, roderic_serpentine_path
D:3:      layout_rooms, worldfamousw_hep_ancestral_shrine,
          ebering_ghost_reflecting_pool
D:4:      layout_rooms, minmay_misc_feat_four_crosses, st_stairs_8
D:5:      layout_gridville, uniq_pikel
D:6:      lemuel_insect_pit, layout_loops_ring, mainiacjoe_overflow_paths,
          serial_glass, glass_columns_a, glass_columns_b
D:7:      layout_cave_pools, minmay_temple_entry_large_hall, enter_bailey_6,
          ebering_ghost_disaster_area, serial_shops, shop,
          nicolae_stop_n_shop_2, hellmonk_bongcloud_opening
Bailey:   bailey_polearm_enchanted_keep_hellmonk, bailey

Skill      XL: |  1  2  3  4  5  6  7  8  9 |
---------------+----------------------------+-----
Maces & Flails | 3 4 5 7 8 9 |  9.7
Fighting       | 4 5 6 7 8 |  8.0
Armour         | |  3.2
Shields        | |  4.0

Action                     |  1- 3 |  4- 6 |  7- 9 || total
---------------------------+-------+-------+-------++-------
  Melee: Flail             |   105 |   166 |   265 ||   536
  Evoke: Wand              |       |       |     5 ||     5
    Use: Potion            |       |     1 |     1 ||     2
         Scroll            |       |       |     8 ||     8
 Armour: Scale mail        |    70 |    88 |   108 ||   266
  Dodge: Dodged            |    63 |    88 |   101 ||   252
  Block: Buckler           |    52 |    42 |   162 ||   256
         Reflection        |       |       |     2 ||     2

Table legend: (Time is in decaauts)
 A = Elapsed time spent in this place.
 B = Non-inter-level travel time spent in this place.
 C = Inter-level travel time spent in this place.
 D = Time resting spent in this place.
 E = Time spent auto-exploring this place.
 F = Levels seen in this place.
 G = Mean time per level.
                   A        B        C        D        E       F      G
               +--------+--------+--------+--------+--------+-----+--------+
         Total |   6004 |   5847 |    157 |    393 |   4119 |   8 |  750.5 |
       Dungeon |   5755 |   5598 |    157 |    243 |   4098 |   7 |  822.1 |
        Bailey |    248 |    248 |      0 |    150 |     21 |   1 |  248.0 |
               +--------+--------+--------+--------+--------+-----+--------+

Top non-repeatable levels by time:
     D:4: 1216 daAuts
     D:6: 1105 daAuts
     D:5: 1079 daAuts
     D:2: 899 daAuts
     D:1: 844 daAuts
     D:3: 506 daAuts
  Bailey: 248 daAuts
     D:7: 104 daAuts
